 Dungeon Crawl Stone Soup version 0.21-a0-338-g36cf2fc (webtiles) character file.

932 qqqbard the Poker (level 7, -3/69 HPs)
             Began as a Minotaur Chaos Knight on Oct 3, 2017.
             Slain by Taihus's ghost (11 damage)
             ... on level 5 of the Dungeon.
             The game lasted 00:07:56 (3508 turns).

qqqbard the Poker (Minotaur Chaos Knight)           Turns: 3508, Time: 00:07:57

Health: -3/69      AC:  9    Str: 19    XL:     7   Next: 86%
Magic:  6/6        EV:  9    Int:  9    God:    Xom [.....*]
Gold:   270        SH:  0    Dex:  9    Spells: 6/6 levels left

rFire    . . .     SeeInvis .   k - +1 scythe (flame)
rCold    . . .     Gourm    .   (shield currently unavailable)
rNeg     . . .     Faith    .   d - +0 chain mail
rPois    .         Spirit   .   (helmet restricted)
rElec    .         Reflect  .   (no cloak)
rCorr    .         Harm     .   (no gloves)
MR       .....                  (no boots)
Stlth    ..........             (no amulet)
HPRegen  0.21/turn              (no ring)
MPRegen  0.10/turn              (no ring)

@: no status effects
A: retaliatory headbutt, horns 2, mutation resistance 1, robust 1
a: Renounce Religion


You were on level 5 of the Dungeon.
You worshipped Xom.
You were Xom's teddy bear.
You were not hungry.

You visited 2 branches of the dungeon, and saw 6 of its levels.

You collected 270 gold pieces.

Inventory:

Hand Weapons
 a - a +0 spear of chaos
 k - a +1 scythe of flaming (weapon)
Armour
 b - a +2 leather armour
 d - a +0 chain mail (worn)
 j - a cursed +0 cloak
Jewellery
 l - an uncursed ring of magical power {unknown}
 r - an uncursed amulet of magic regeneration {unknown}
Wands
 o - a wand of acid (10/15)
 y - a wand of confusion (24/48)
Scrolls
 f - a scroll of enchant armour {unknown}
 g - a scroll of magic mapping {unknown}
 i - 4 scrolls of teleportation {unknown}
 p - 2 scrolls of remove curse {unknown}
 q - 2 scrolls of recharging {unknown}
 s - a scroll of fear {unknown}
 u - a scroll of immolation {unknown}
 v - a scroll of enchant weapon {unknown}
 w - 2 scrolls of identify {unknown}
 A - 2 scrolls of blinking {unknown}
 C - a scroll of amnesia {unknown}
Potions
 e - a potion of flight
 z - a potion of curing
 B - a potion of resistance
Books
 t - a book of Air

   Spells                             Type                      Level
   a - Shock                          Conjuration/Air              1
   b - Swiftness                      Charms/Air                   2
   c - Static Discharge               Conjuration/Air              3
   d - Airstrike                      Air                          4
   e - Lightning Bolt                 Conjuration/Air              5
Comestibles
 c - 3 bread rations
 h - 2 meat rations
 n - 4 royal jellies
 x - 4 fruits


   Skills:
 + Level 6.0 Fighting
 * Level 7.8 Polearms
 + Level 5.3 Armour
 + Level 4.4 Dodging


You had 6 spell levels left.
You didn't know any spells.

Dungeon Overview and Level Annotations

Branches:
Dungeon (5/15)             Temple (1/1) D:4

Altars:
Ashenzari
Cheibriados
Dithmenos
Elyvilon
Gozag
Hepliaklqana
Kikubaaqudgha
Nemelex Xobeh
Ru
Sif Muna
Wu Jian
Xom
Yredelemnul
Zin

Annotations:
D:5 Taihus's ghost, novice MiFi


Innate Abilities, Weirdness & Mutations

You reflexively headbutt those who attack you in melee.
You have a pair of horns on your head.
You are somewhat resistant to further mutation.
You are robust. (+10% HP)


Message History

You closely miss Taihus's ghost.
Taihus's ghost is severely damaged.
Taihus's ghost hits you!
You are too injured to fight recklessly!
You are too injured to fight recklessly!
You are too injured to fight recklessly!
You are too injured to fight recklessly!
You are too injured to fight recklessly!
You closely miss Taihus's ghost. Your headbutt misses Taihus's ghost.
Taihus's ghost is severely damaged.
Taihus's ghost hits you. Taihus's ghost hits you!
* * * LOW HITPOINT WARNING * * *
You hit Taihus's ghost but do no damage.
You headbutt Taihus's ghost!
Taihus's ghost is almost destroyed.
Taihus's ghost hits you!
* * * LOW HITPOINT WARNING * * *
Taihus's ghost hits you!
You die...
Xom thinks this is hilarious!

### ..# ..... ..#.....#
..... ..#.....# ......
..#.....# ....
..#.....# ######...
..#.....# #......#
..#.....# #...W..#
..#.....# #...@..#
..'.....# #......#
..#.....# #......#
###.....#####......#
....#####..........a..
....#...#..............
....#...#..............
....#...#..............
...(#...#..............


You could see a worker ant and Taihus's ghost.

Vanquished Creatures
  The ghost of jusk the Charmwright, an amateur GnSk (D:4)
  Sigmund (D:4)
  Eustachio (D:5)
  The ghost of firebrand the Firebug, an amateur DEFE (D:3)
  A centaur (D:5)
  A bullfrog skeleton (D:4)
  An iguana (D:4)
  2 worker ants
  6 adders
  An adder skeleton (D:5)
  3 worms
  A dart slug (D:1)
  A leopard gecko (D:5)
  6 orcs
  2 ball pythons
  6 bats
  2 giant cockroaches
  2 goblins
  7 hobgoblins
  13 jackals
  A quokka (D:4)
  5 frilled lizards
  13 kobolds
  8 rats
86 creatures vanquished.

Notes
Turn   | Place    | Note
-------+----------+-------------------------------------------
     0 | D:1      | qqqbard the Minotaur Chaos Knight began the quest for the Orb.
     0 | D:1      | Reached XP level 1. HP: 19/19 MP: 0/0
   130 | D:1      | XOM: harmless Conj miscast
   190 | D:1      | Reached XP level 2. HP: 16/27 MP: 1/1
   193 | D:1      | Reached skill level 4 in Polearms
   472 | D:2      | XOM: noise
   521 | D:2      | Found an opulent altar of Gozag.
   529 | D:2      | Reached XP level 3. HP: 28/33 MP: 2/2
   620 | D:2      | XOM: god gift: wand of acid (?/15) {god gift}
  1302 | D:2      | XOM: cloud trail
  1382 | D:3      | XOM: potion effect (might)
  1383 | D:3      | Reached XP level 4. HP: 33/40 MP: 3/3
  1450 | D:3      | Noticed firebrand's ghost (amateur DEFE)
  1460 | D:3      | Killed firebrand's ghost
  1460 | D:3      | Reached skill level 5 in Polearms
  1460 | D:3      | Reached XP level 5. HP: 41/47 MP: 4/4
  1896 | D:4      | Noticed jusk's ghost (amateur GnSk)
  1899 | D:4      | XOM: divination: magic mapping
  1914 | D:4      | XOM: divination: detect creatures
  1950 | D:4      | XOM: mild Fire miscast
  1962 | D:4      | Killed jusk's ghost
  1962 | D:4      | Reached skill level 5 in Fighting
  1962 | D:4      | Reached skill level 6 in Polearms
  1962 | D:4      | Reached XP level 6. HP: 13/56 MP: 5/5
  2212 | D:4      | Found a staircase to the Ecumenical Temple.
  2284 | Temple   | Entered the Ecumenical Temple
  2541 | D:4      | Reached XP level 7. HP: 61/61 MP: 6/6
  2555 | D:4      | Noticed Sigmund
  2593 | D:4      | Gained mutation: You are robust. (+10% HP) [potion of mutation]
  2593 | D:4      | Gained mutation: You are somewhat resistant to further mutation. [potion of mutation]
  2609 | D:4      | Killed Sigmund
  2609 | D:4      | Reached skill level 7 in Polearms
  2790 | D:4      | XOM: mild Erth miscast
  3037 | D:4      | Found a white marble altar of Elyvilon.
  3089 | D:4      | Found a basalt altar of Yredelemnul.
  3198 | D:5      | Entered Level 5 of the Dungeon
  3283 | D:5      | Reached skill level 5 in Armour
  3294 | D:5      | Noticed Eustachio
  3294 | D:5      | XOM: chaos upgrade
  3311 | D:5      | XOM: scenery: 1 doors open
  3315 | D:5      | Killed Eustachio
  3387 | D:5      | XOM: god gift: 15 gold pieces
  3403 | D:5      | XOM: scenery: create altars
  3502 | D:5      | Noticed Taihus's ghost (novice MiFi)
  3505 | D:5      | XOM: divine lightning
  3508 | D:5      | Slain by Taihus's ghost

Vault maps used:
D:1:      minmay_arrival_diagonal_passages, hangedman_decor_growths
D:2:      old_standard_altar
D:3:      cheibrodos_helix_gallery, first_bread
D:4:      kennysheep_ying_yang, minmay_temple_entry_grid, uniq_sigmund
D:5:      minmay_misc_feat_doors, uniq_eustachio
Temple:   minmay_temple_curvy_loop

Skill      XL: |  1  2  3  4  5  6  7 |
---------------+----------------------+-----
Polearms       | 4 5 6 7 |  7.8
Fighting       | 4 5 6 |  6.0
Armour         | 3 4 5 |  5.3
Dodging        | 2 3 4 |  4.4

Action                   |  1- 3 |  4- 6 |  7- 9 || total
-------------------------+-------+-------+-------++-------
Melee: Spear             |   122 |   133 |    19 ||   274
       Headbutt          |    15 |    17 |     6 ||    38
       Scythe            |       |       |    48 ||    48
  Use: Potion            |       |       |     8 ||     8
 Stab: Paralysed         |     2 |     5 |       ||     7
  Eat: Chunk             |     1 |     3 |       ||     4
       Meat ration       |       |       |     1 ||     1
Armor: Chain mail        |    48 |    40 |    40 ||   128
       Skin              |       |       |     9 ||     9
Dodge: Dodged            |    36 |    28 |    19 ||    83

Table legend:
 A = Spawn XP
 B = Non-spawn XP
 C = Spawn XP percentage of total XP
 D = Spawn monster count
 E = Non-spawn monster count
 F = Spawn count percentage of total count
 G = Total turns spent on level
                    A         B        C        D         E        F      G
               +---------+---------+-------+---------+---------+-------+---------
         Total |       0 |    1332 |   0.0 |       0 |      86 |   0.0 |  3508
               +---------+---------+-------+---------+---------+-------+---------
           D:1 |       0 |      23 |   0.0 |       0 |      12 |   0.0 |   472
           D:2 |       0 |      56 |   0.0 |       0 |      23 |   0.0 |   886
           D:3 |       0 |     242 |   0.0 |       0 |      31 |   0.0 |   511
           D:4 |       0 |     651 |   0.0 |       0 |      11 |   0.0 |  1117
           D:5 |       0 |     360 |   0.0 |       0 |       9 |   0.0 |   310
               +---------+---------+-------+---------+---------+-------+---------
